 Dungeon Crawl Stone Soup version 0.16.0 (webtiles) character file.

3421 Fiveotanaka the Grappler (level 9, 0/80 HPs)
             Began as a Troll Monk on Mar 23, 2015.
             Slain by a river rat (5 damage)
             ... on level 2 of the Lair of Beasts.
             The game lasted 00:05:41 (1685 turns).

Fiveotanaka the Grappler (Troll Monk)               Turns: 1685, Time: 00:05:41

Health: 0/80       AC:  5    Str: 21    XL:     9   Next: 76%
Magic:  4/4        EV: 12    Int:  6    God:
Gold:   272        SH:  0    Dex: 15    Spells: 0 memorised, 8 levels left

rFire  . . .     SeeInvis .       - Unarmed
rCold  + . .     Clarity  .     a - +0 robe
rNeg   + . .     SustAb   .     (shield restricted)
rPois  .         Gourm    +     (helmet restricted)
rElec  .         Spirit   .     (no cloak)
rCorr  .         Warding  .     (gloves unavailable)
rMut   .         Stasis   .     (boots unavailable)
MR     .....                    (no amulet)
Stlth  ++........               v - ring of positive energy
                                e - ring of protection from cold

@: not resistant to hostile enchantments, unstealthy
A: unfitting armour, claws 3, fast metabolism 3, gourmand, regeneration 2,
shaggy fur 1, tough skin 2
a: no special abilities


You were on level 2 of the Lair of Beasts.
You were completely stuffed.

You visited 2 branches of the dungeon, and saw 12 of its levels.

You collected 272 gold pieces.

Inventory:

Armour
 a - a +0 robe (worn)
Jewellery
 e - a ring of protection from cold (left claw)
 v - a ring of positive energy (right claw)
Magical devices
 m - a wand of polymorph (6)
 q - a wand of polymorph (9)
 s - a wand of lightning (5)
 y - a wand of digging (17)
Scrolls
 c - 2 scrolls of identify {unknown}
 f - 3 scrolls of remove curse {unknown}
 i - 2 scrolls of enchant weapon {unknown}
 o - a scroll of immolation {unknown}
 p - a scroll of random uselessness {unknown}
 t - a scroll of enchant armour {unknown}
 w - 2 scrolls of teleportation {unknown}
 z - a scroll of vulnerability {unknown}
Potions
 h - a potion of poison {unknown}
 j - 2 potions of berserk rage {unknown}
 k - a potion of resistance {unknown}
 l - 2 potions of curing {unknown}
 n - a potion of lignification {unknown}
 r - a potion of heal wounds {unknown}
 u - a potion of flight {unknown}
Books
 A - a book of Annihilations {highlevel, unknown}

   This book is beyond your current level of understanding.

   Spells                             Type                      Level
   a - Poison Arrow                   Conjuration/Poison           6
   b - Chain Lightning                Conjuration/Air              8
   c - Lehudib's Crystal Spear        Conjuration/Earth            8
   d - Glaciate                       Conjuration/Ice              9
   e - Fire Storm                     Conjuration/Fire             9
Comestibles
 b - 4 meat rations
 d - 3 bread rations
 g - a beef jerky


   Skills:
 - Level 2.4 Fighting
 + Level 4.7 Dodging
 - Level 1.1 Stealth
 + Level 13.2 Unarmed Combat


You had 8 spell levels left.
You didn't know any spells.

Dungeon Overview and Level Annotations

Branches:
Dungeon (10/15)              Lair (2/8) D:9
 Temple: D:4-7          Orc: D:9-12

Altars:
Makhleb

Shops:
D:7 *   D:10 :

Annotations:
D:9 2 runed doors


Innate Abilities, Weirdness & Mutations

You are too large for most types of armour.
You have claws for hands.
Your metabolism is lightning-fast.
You like to eat raw meat.
You heal very quickly.
You are covered in fur (AC +1).
You have very tough skin (AC +2).


Message History

You are too injured to fight recklessly!
You are too injured to fight recklessly!
You are too injured to fight recklessly!
You are too injured to fight recklessly!
You are too injured to fight recklessly!
You barely miss the river rat. The river rat bites you.
* * * LOW HITPOINT WARNING * * *
The river rat bites you but does no damage.
The river rat bites you.
* * * LOW HITPOINT WARNING * * *
The river rat closely misses you. The river rat misses you.
The river rat barely misses you. The river rat bites you.
* * * LOW HITPOINT WARNING * * *
The river rat bites you.
* * * LOW HITPOINT WARNING * * *
You barely miss the river rat. The river rat closely misses you.
The river rat bites you.
* * * LOW HITPOINT WARNING * * *
The river rat bites you.
You die...

....... .......#
........##
...≈.≈...P
..≈≈≈≈...#
.≈≈≈≈≈≈..###
..≈≈≈≈≈≈rr..##.##
..≈≈≈≈≈rrr.......
..≈≈≈≈≈r@r.......
..≈≈≈≈≈rrr.......
.≈≈≈≈≈≈≈.......
...≈≈≈≈........
##..≈≈≈≈#......
##....##.P...
#..## ###. ..


You could see 10 river rats.

Vanquished Creatures
  The ghost of Fiveotanaka the Grappler, a powerful VSMo (Lair:1)
  Maurice (D:10)
  Joseph (D:7)
  Eustachio (D:8)
  2 water moccasins
  An orc warrior (D:10)
  A sky beast (D:10)
  An ogre (D:4)
  A black bear (D:10)
  3 crocodiles
  3 giant frogs
  3 big kobolds
  Blork the orc (D:9)
  A scorpion (D:9)
  5 wights (D:10)
  2 giant frog zombies (D:5)
  A quasit (D:8)
  A centaur skeleton (D:8)
  2 orc priests
  2 iguanas
  4 orc wizards
  3 worker ants
  A hound zombie (D:10)
  3 gnolls (D:3)
  2 adders
  2 river rats (Lair:2)
  A giant mite (D:9)
  3 shadow imps
  2 giant geckos
  5 orcs
  2 goblins
  3 hobgoblins
  A quokka (D:5)
  2 bats
  2 giant newts
  A jackal skeleton (D:5)
  17 kobolds
  14 rats
  A plant (D:10)
103 creatures vanquished.

Notes
Turn   | Place    | Note
--------------------------------------------------------------
     0 | D:1      | Fiveotanaka, the Troll Monk, began the quest for the Orb.
     0 | D:1      | Reached XP level 1. HP: 22/22 MP: 1/1
    23 | D:1      | Reached XP level 2. HP: 19/29 MP: 1/1
   108 | D:3      | Found a burning altar of Makhleb.
   169 | D:3      | Reached skill level 5 in Unarmed Combat
   169 | D:3      | Reached XP level 3. HP: 31/36 MP: 2/2
   174 | D:3      | Reached XP level 4. HP: 36/44 MP: 2/2
   202 | D:4      | Noticed an ogre
   212 | D:4      | Killed an ogre
   212 | D:4      | Reached skill level 6 in Unarmed Combat
   212 | D:4      | Reached XP level 5. HP: 20/50 MP: 2/2
   241 | D:5      | Entered Level 5 of the Dungeon
   275 | D:5      | Reached skill level 7 in Unarmed Combat
   291 | D:5      | Reached XP level 6. HP: 56/59 MP: 3/3
   382 | D:7      | Noticed Joseph
   397 | D:7      | Killed Joseph
   397 | D:7      | Reached skill level 9 in Unarmed Combat
   397 | D:7      | Reached XP level 7. HP: 49/66 MP: 3/3
   405 | D:7      | Found Neys' Assorted Antiques.
   443 | D:8      | Noticed Eustachio
   451 | D:8      | Killed Eustachio
   532 | D:8      | Reached skill level 10 in Unarmed Combat
   552 | D:9      | Reached XP level 8. HP: 71/74 MP: 3/3
   577 | D:10     | Entered Level 10 of the Dungeon
   663 | D:10     | Reached skill level 11 in Unarmed Combat
   728 | D:10     | Found Tremy's Book Emporium.
   937 | D:10     | Noticed Maurice
   942 | D:10     | Killed Maurice
   942 | D:10     | Reached skill level 12 in Unarmed Combat
   942 | D:10     | Reached XP level 9. HP: 76/80 MP: 4/4
  1244 | D:9      | Found a large runed door.
  1247 | D:9      | Found a large runed door.
  1256 | D:9      | Noticed Blork the orc
  1262 | D:9      | Killed Blork the orc
  1312 | D:9      | Found a staircase to the Lair.
  1321 | Lair:1   | Entered Level 1 of the Lair of Beasts
  1544 | Lair:1   | Noticed Fiveotanaka's ghost (powerful VSMo)
  1553 | Lair:1   | Killed Fiveotanaka's ghost
  1553 | Lair:1   | Reached skill level 13 in Unarmed Combat
  1685 | Lair:2   | Slain by a river rat

Action                   |  1- 3 |  4- 6 |  7- 9 || total
-------------------------+-------+-------+-------++-------
Melee: Unarmed           |    35 |    51 |   146 ||   232
 Stab: Sleeping          |     1 |       |     1 ||     2
  Eat: Chunk             |     6 |     3 |    12 ||    21
